 Dungeon Crawl Stone Soup version 0.23.2-1-ga50397a (webtiles) character file.

Game seed: 7838686842611957701

303 dvd the Skirmisher (level 6, -7/51 (52) HPs)
             Began as a Ghoul Fighter on May 8, 2019.
             Mangled by a spatial maelstrom (11 damage)
             ... on level 1 of the Abyss.
             The game lasted 00:08:59 (2765 turns).

dvd the Skirmisher (Ghoul Fighter)                  Turns: 2765, Time: 00:09:00

HP:   -7/51 (52)    AC: 10    Str: 20    XL:     6   Next: 38%
MP:   5/5           EV:  5    Int:  8    God:
Gold: 203           SH:  9    Dex: 10    Spells: 5/5 levels left

rFire    . . .     SeeInvis .   a - +0 war axe
rCold    + . .     Gourm    .   c - +0 shield
rNeg     + + +     Faith    .   o - +0 chain mail
rPois    ∞         Spirit   .   (no helmet)
rElec    .         Reflect  .   l - +0 cloak
rCorr    .         Harm     .   (no gloves)
MR       .....                  (no boots)
Stlth    ..........             (no amulet)
HPRegen  0.00/turn              h - +5 ring of intelligence
MPRegen  0.09/turn              (no ring)

@: rotting, hasted, very quick
A: rotting body, claws 1, carnivore, cold resistance 1, negative energy
resistance 3, inhibited regeneration, torment resistance, unbreathing
a: no special abilities


You were on level 1 of the Abyss.
You were not hungry.

You visited 1 branch of the dungeon, and saw 3 of its levels.
You visited the Abyss 1 time.

You collected 203 gold pieces.

Inventory:

Hand Weapons
 a - a +0 war axe (weapon)
 n - a +3 falchion
Armour
 b - a +0 scale mail
 c - a +0 shield (worn)
 l - a +0 cloak (worn)
 m - a +0 plate armour
 o - a +0 chain mail (worn)
Jewellery
 h - a +5 ring of intelligence (left claw)
Scrolls
 d - a scroll of blinking {unknown}
 e - 3 scrolls of identify {unknown}
 g - a scroll of teleportation {unknown}
 i - a scroll of enchant armour {unknown}
 p - a scroll of remove curse {unknown}
 r - a scroll of fog {unknown}
 s - a scroll of random uselessness {unknown}
 t - a scroll of amnesia {unknown}
 u - a scroll of enchant weapon {unknown}
 v - a scroll of noise {unknown}
Potions
 j - 2 potions of haste
 k - 2 potions of curing {unknown}
Comestibles
 f - 9 rations


   Skills:
 + Level 4.2 Fighting
 + Level 3.9 Axes
 + Level 3.4 Armour
 + Level 0.8 Dodging
 + Level 3.9 Shields


You had 5 spell levels left.
You didn't know any spells.
Your spell library was empty.

Dungeon Overview and Level Annotations

Branches:
Dungeon (3/15)

Altars:

Annotations:
D:3 Crazy Yiuf


Innate Abilities, Weirdness & Mutations

Your body is rotting away.
You thrive on raw meat.
You are immune to poison.
You have sharp fingernails.
You are carnivorous and can eat meat at any time.
Your flesh is cold resistant. (rC+)
You are immune to negative energy. (rN+++)
You do not regenerate when monsters are visible.
You are immune to unholy pain and torment.
You can survive without breathing.


Message History

You block the spatial vortex's attack.
A spatial vortex comes into view.
The spatial vortex moves out of view.
You barely miss the large abomination. The large abomination hits you!
* * * LOW HITPOINT WARNING * * *
A spatial vortex comes into view.
Unknown command.
The spatial maelstrom closely misses you.
You block the spatial maelstrom's attack.
The spatial maelstrom hits you but does no damage.
The spatial maelstrom barely misses you.
You slash the spatial vortex!
The spatial vortex is lightly damaged.
You hit the spatial maelstrom but do no damage.
The smoke demon gestures at you. Something smites you!
* * * LOW HITPOINT WARNING * * *
You block the spatial maelstrom's attack.
The spatial maelstrom hits you!
You die...

. #..#.#
..##.......#
##.# # . ####.
.#.#.### # # #
#. ###. ..## .
# . #..# .
#.§.##. #.#..
.# # ##
##.###..#
.#v## . .# #
#..#.##.#
....... ..
#.....#.##...#
# ##v...# ###
#@v..3###.# #
##X#...43##.#
###..v.v #.###
...####v.4.4 #
#..## #.§#.#..
## #v... # ..
#..####..#
...#. #... #.
. ..#..


You could see a spatial maelstrom, 4 spatial vortices, a large abomination, a
hellwing and 2 smoke demons.

Vanquished Creatures
  A vampire bat (D:3)
  An orc priest (D:3)
  An orc wizard (D:2)
  2 adders (D:2)
  3 worms
  12 dart slugs
  3 fire bats (D:3)
  7 leopard geckos
  3 orcs (D:3)
  2 spectral bats (D:3)
  2 ball pythons (D:2)
  3 bat skeletons (D:3)
  A bat zombie (D:3)
  5 giant cockroaches
  6 goblins
  4 hobgoblins
  4 jackals (D:2)
  A quokka (D:3)
  15 bats
  A bat simulacrum (D:3)
  3 frilled lizards
  3 kobolds
  6 rats
89 creatures vanquished.

Notes
Turn   | Place    | Note
-------+----------+-------------------------------------------
     0 | D:1      | dvd the Ghoul Fighter began the quest for the Orb.
     0 | D:1      | Reached XP level 1. HP: 19/19 MP: 0/0
   166 | D:1      | Reached XP level 2. HP: 26/26 MP: 1/1
   577 | D:1      | Reached XP level 3. HP: 30/31 MP: 2/2
  1272 | D:2      | Reached XP level 4. HP: 39/39 MP: 3/3
  1716 | D:3      | Reached XP level 5. HP: 25/45 MP: 4/4
  1738 | D:2      | Reached skill level 4 in Fighting
  2433 | D:3      | Reached XP level 6. HP: 51/52 MP: 5/5
  2650 | D:3      | Found a runed translucent door.
  2651 | D:3      | Noticed Crazy Yiuf
  2656 | D:3      | Cast into level 1 of the Abyss (Crazy Yiuf)
  2722 | Abyss:1  | Noticed a large abomination
  2737 | Abyss:1  | Noticed a spatial vortex
  2737 | Abyss:1  | Noticed a spatial vortex
  2738 | Abyss:1  | Noticed a spatial vortex
  2738 | Abyss:1  | Noticed a spatial maelstrom
  2739 | Abyss:1  | Noticed a spatial vortex
  2739 | Abyss:1  | Noticed a spatial vortex
  2739 | Abyss:1  | Noticed a spatial vortex
  2740 | Abyss:1  | Noticed a spatial vortex
  2740 | Abyss:1  | Noticed a spatial vortex
  2745 | Abyss:1  | Noticed a spatial vortex
  2746 | Abyss:1  | Noticed a spatial vortex
  2748 | Abyss:1  | Noticed a spatial vortex
  2752 | Abyss:1  | Noticed a spatial vortex
  2752 | Abyss:1  | Noticed a smoke demon
  2753 | Abyss:1  | Noticed a spatial vortex
  2754 | Abyss:1  | Noticed a smoke demon
  2754 | Abyss:1  | Noticed a hellwing
  2756 | Abyss:1  | Noticed a spatial vortex
  2757 | Abyss:1  | Noticed a spatial vortex
  2760 | Abyss:1  | Noticed a spatial vortex
  2763 | Abyss:1  | Noticed a spatial vortex
  2765 | Abyss:1  | Mangled by a spatial maelstrom

Skill      XL: |  1  2  3  4  5 |
---------------+----------------+-----
Axes           | 2 3 |  3.9
Shields        | 3 |  3.9
Armour         | 3 |  3.4
Fighting       | 4 |  4.2
Dodging        | |  0.8

Action                   |  1- 3 |  4- 6 || total
-------------------------+-------+-------++-------
Melee: War axe           |   109 |   228 ||   337
  Use: Potion            |       |     3 ||     3
  Eat: Chunk             |     8 |    16 ||    24
Armor: Scale mail        |    36 |       ||    36
       Plate armour      |    36 |    18 ||    54
       Chain mail        |       |   218 ||   218
Dodge: Dodged            |    36 |    61 ||    97
Block: Shield            |    59 |   180 ||   239
